 Dungeon Crawl Stone Soup version 0.31-a0-237-g2d982f9f85 (webtiles) character file.

Game seed: 9795664995056048862

196 qw the Shooter (level 5, -1/38 (41) HPs)
             Began as a Minotaur Hexslinger on July 10, 2023.
             Slain by a kobold brigand
             ... wielding a +0 club
              (4 damage)
             ... on level 6 of the Dungeon.
             The game lasted 00:00:54 (1984 turns).

qw the Shooter (Minotaur Hexslinger)                Turns: 1984, Time: 00:00:55

HP:   -1/38 (41)    AC:  5    Str: 12    XL:     5   Next: 46%
MP:   5/5           EV: 11    Int: 10    God:
Gold: 148           SH:  5    Dex: 15    Spells: 5/6 levels left

rFire   x . .        Y - +1 sling
rCold   + + +        (no shield)
rNeg    . . .        i - +0 ring mail
rPois   +            (helmet restricted)
rElec   .            (no cloak)
rCorr   +            (no gloves)
SInv    +            (no boots)
Will    +....        a - amulet of Urekoi {Reflect *Slow rPois rC++ SH+5 Stlth+}
Stlth   ++           e - ring of Demons {Ice rCorr SInv}
HPRegen 0.26/turn    d - ring of willpower
MPRegen 0.09/turn

%: slow self (1%), reflection
@: slowed, drained, very slow
A: horns 2, retaliatory headbutt
a: no special abilities


You were on level 6 of the Dungeon.
You visited 1 branch of the dungeon, and saw 4 of its levels.

You collected 148 gold pieces.


Innate Abilities, Weirdness & Mutations

You have a pair of horns on your head.
You reflexively headbutt those who attack you in melee.


   Skills:
 + Level 2.1 Fighting
 - Level 6.0 Ranged Weapons
 - Level 1.0 Armour
 - Level 2.1 Dodging
 - Level 1.0 Spellcasting
 - Level 2.0 Hexes


You had 5 spell levels left.
You knew the following spells:

 Your Spells              Type           Power      Damage    Failure   Level
a - Slow                  Hex            16%        N/A       34%         1

Your spell library contained the following spells:

 Spells                   Type           Power      Damage    Failure   Level
 Inner Flame              Hex/Fire       2%         N/A       83%         3
 Portal Projectile        Hex/Tloc       4%         N/A       83%         3
 Cause Fear               Hex            2%         N/A       98%         4

Inventory:

Hand Weapons
 Y - a +1 sling (weapon)
Armour
 i - a +0 ring mail (worn)
Jewellery
 a - the amulet of Urekoi (around neck) {Reflect *Slow rPois rC++ SH+5 Stlth+}
   (You acquired it on level 1 of the Dungeon)

   [amulet of reflection]

   It reflects blocked missile attacks.
   rC:        It greatly protects you from cold.
   rPois:     It protects you from poison.
   *Slow:     It may slow you when you take damage.
   SH:        It affects your SH (+5).
   Stlth:     It makes you more stealthy.
 b - a +6 ring of strength
 d - a ring of willpower (right hand)
 e - the ring of Demons (left hand) {Ice rCorr SInv}
   (You found it on level 2 of the Dungeon)

   [ring of ice]

   It enhances your ice magic.
   rF:        It makes you vulnerable to fire.
   rC:        It protects you from cold.
   SInv:      It lets you see invisible.
   rCorr:     It protects you from acid and corrosion.
Scrolls
 g - a scroll of blinking {unknown}
 h - a scroll of identify {unknown}
Potions
 c - a potion of lignification {unknown}
 f - a potion of mutation {unknown}
 j - a potion of haste
 k - a potion of curing {unknown}
 l - 2 potions of enlightenment

Dungeon Overview and Level Annotations

Branches:
Dungeon (3/15)

Altars:
Qazlal


Message History

The kobold brigand is almost dead.
The kobold closely misses you. You furiously retaliate!
You headbutt the kobold!
You kill the kobold!
The kobold brigand hits you with a +0 club.
You shoot a sling bullet.
The sling bullet barely misses the kobold brigand.
The kobold brigand hits you with a +0 club. x2
You shoot a sling bullet.
The sling bullet hits the kobold brigand but does no damage.
The kobold brigand is severely wounded.
The kobold throws a stone.
You block the stone with an invisible shield... and reflect it back!
The stone closely misses the kobold.
The kobold closely misses you. The kobold brigand barely misses you.
You shoot a sling bullet.
The sling bullet hits the kobold brigand but does no damage.
The kobold brigand is severely wounded.
The kobold hits you but does no damage.
The kobold brigand hits you with a +0 club!
You shoot a sling bullet.
The sling bullet barely misses the kobold brigand.
The kobold barely misses you. You furiously retaliate!
You headbutt the kobold!
You kill the kobold!
The kobold barely misses you.
The kobold brigand hits you with a +0 club!
You shoot a sling bullet.
The sling bullet closely misses the kobold brigand.
The kobold hits you with a +0 short sword.
You block the kobold brigand's attack. The kobold completely misses you.
The kobold brigand hits you with a +0 club.
You feel yourself slow down.
You shoot a sling bullet.
The sling bullet barely misses the kobold brigand.
The kobold barely misses you. The kobold brigand barely misses you.
You shoot a sling bullet.
The sling bullet hits the kobold brigand.
The kobold brigand is almost dead.
The kobold barely misses you. You furiously retaliate!
You headbutt the kobold.
The kobold brigand hits you with a +0 club.
You die...

## . #. .)####.##
......#######
....##....#
..####K)##.##.#
......)@##.##.#######
.......K.............
........#..##########
#####...........#
#####.........
+..####.## #..# #
...# #..#


You could see a kobold brigand and a kobold.

Vanquished Creatures
  An ice beast (D:6)
  5 adders
  2 worms
  3 endoplasms
  4 giant cockroaches
  4 goblins (D:1)
  4 hobgoblins
  6 jackals
  3 quokkas
  8 ball pythons
  5 bats
  2 frilled lizards (D:1)
  7 kobolds
  4 rats
58 creatures vanquished.

Notes
Turn   | Place    | Note
-------+----------+-------------------------------------------
     0 | D:1      | qw the Minotaur Hexslinger began the quest for the Orb.
     0 | D:1      | Reached XP level 1. HP: 16/16 MP: 1/1
     0 | D:1      | 0 ||| qw: Version: 0.3-a-52-g30416fa
     0 | D:1      | 0 ||| qw: Game counter: 5381
     0 | D:1      | 0 ||| qw: Melee chars always use a shield: true
     0 | D:1      | 0 ||| qw: God list: Okawaru
     0 | D:1      | 0 ||| qw: Allow faded altars: false
     0 | D:1      | 0 ||| qw: Do Orc after clearing Dungeon:15 true
     0 | D:1      | 0 ||| qw: Do second Lair branch before Depths: true
     0 | D:1      | 0 ||| qw: Lair rune preference: random
     0 | D:1      | 0 ||| qw: Goals: Normal
     0 | D:1      | 0 ||| PLANNING D:1-11
   115 | D:1      | Reached skill level 3 in Ranged Weapons
   115 | D:1      | Reached XP level 2. HP: 23/23 MP: 2/2
   671 | D:1      | 671 ||| UPGRADING to +0 leather armour.
   681 | D:1      | 681 ||| DROPPING +0 robe.
   682 | D:1      | 682 ||| UPGRADING to +0 ring mail.
   692 | D:1      | 692 ||| DROPPING +0 leather armour.
   693 | D:1      | 693 ||| UPGRADING to ring of willpower.
   694 | D:1      | 694 ||| READING scroll labelled KEGEIQUCLA.
   694 | D:1      | Identified a scroll of acquirement
   694 | D:1      | 694 ||| ACQUIRING amulet of Urekoi {Reflect *Slow rPois
                  | rC++ SH+5 Stlth+}
   694 | D:1      | Acquired the amulet of Urekoi {Reflect *Slow rPois rC++
                  | SH+5 Stlth+}
   696 | D:1      | 696 ||| UPGRADING to amulet of Urekoi {Reflect *Slow rPois
                  | rC++ SH+5 Stlth+}.
   701 | D:1      | 701 ||| READING scroll labelled TIDIOC ZEPNEPP.
   705 | D:1      | 705 ||| READING scroll labelled GUITEE WECH.
   706 | D:1      | 706 ||| DRINKING 2 silvery potions.
   707 | D:1      | 707 ||| DRINKING 2 viscous blue potions.
   708 | D:1      | 708 ||| DROPPING scroll of poison.
   778 | D:2      | Reached XP level 3. HP: 23/29 MP: 3/3
   849 | D:2      | Reached skill level 4 in Ranged Weapons
   973 | D:2      | Identified the ring of Demons {Ice rCorr SInv}
  1247 | D:2      | Reached skill level 1 in Armour
  1534 | D:2      | 1534 ||| UPGRADING to +6 ring of strength.
  1535 | D:2      | 1535 ||| UPGRADING to ring of Demons {Ice rCorr SInv}.
  1537 | D:2      | 1537 ||| UPGRADING to ring of willpower.
  1539 | D:2      | 1539 ||| READING scroll labelled DOBATANNYPSA.
  1540 | D:2      | 1540 ||| READING scroll labelled REGGUJ FOGUTEEG.
  1541 | D:2      | 1541 ||| READING scroll labelled SOXAZX GALOE.
  1559 | D:3      | 1559 ||| STAIRDANCE
  1723 | D:3      | Reached XP level 4. HP: 32/36 MP: 4/4
  1743 | D:3      | Found a faded altar of an unknown god.
  1907 | D:3      | Found a stormy altar of Qazlal.
  1909 | D:3      | You fall into a shaft and drop 3 floors!
  1918 | D:6      | Noticed an ice beast
  1932 | D:6      | Killed an ice beast
  1933 | D:6      | Reached skill level 6 in Ranged Weapons
  1933 | D:6      | Reached XP level 5. HP: 33/41 MP: 5/5
  1982 | D:6      | HP: 9/38 [kobold/+0 short sword (3)]
  1982 | D:6      | HP: 3/38 [kobold brigand/+0 club (6)]
  1984 | D:6      | Slain by a kobold brigand

Levels and vault maps discovered:
D:1:      scummos_arrival_simple_crosswalls, layout_loops_cross,
          minmay_misc_feat_square
D:2:      layout_basic, kennysheep_generic_room_5
D:3:      layout_basic, nicolae_overflow_hidden_temple, grunt_qazlal_sundering,
          nicolae_ecumenical_snake_handling, chequers_serial_rivers_micro_b,
          kennysheep_path_1
D:6:      layout_basic, mainiacjoe_overflow_boulevard,
          mainiacjoe_overflow_surrounded_room, dreamdust_gnoll_farm

Skill      XL: |  1  2  3  4 |
---------------+-------------+-----
Ranged Weapons | 3 4 6 |  6.0
Fighting       | 2 |  2.1
Armour         | 1 |  1.0
Dodging        | |  2.1
Spellcasting   | |  1.0
Hexes          | |  2.0

Action                     |  1- 3 |  4- 6 || total
---------------------------+-------+-------++-------
   Fire: Sling             |   138 |    71 ||   209
    Use: Scroll            |     6 |       ||     6
         Potion            |     2 |       ||     2
 Armour: Robe              |     6 |       ||     6
         Ring mail         |     7 |    15 ||    22
  Dodge: Dodged            |    35 |    38 ||    73
  Block: Other             |     7 |    21 ||    28
         Reflection        |       |     1 ||     1

Table legend:
 A = Non-vault XP
 B = Vault XP
 C = Vault XP percentage of total XP
 D = Non-vault monster count
 E = Vault monster count
 F = Vault count percentage of total count
                 A         B        C        D         E       F
            +---------+---------+-------+---------+---------+-------
      Total |     250 |      31 |  11.0 |      53 |       5 |   8.6
            +---------+---------+-------+---------+---------+-------
        D:1 |      36 |       0 |   0.0 |      23 |       0 |   0.0
        D:2 |      49 |       2 |   3.9 |      14 |       1 |   6.7
        D:3 |      35 |      29 |  45.3 |      11 |       4 |  26.7
        D:6 |     130 |       0 |   0.0 |       5 |       0 |   0.0
            +---------+---------+-------+---------+---------+-------
